 Dungeon Crawl Stone Soup version 0.30.0-19-g36f170ea60 (webtiles) character file.

Game seed: 4489801846411182759

19311 Ijustatesigmund the Fighter (level 12, -3/84 HPs)
             Began as a Gargoyle Fighter on May 31, 2023.
             Was an Elder of the Shining One.
             Killed from afar by an ice statue (14 damage)
             ... with a bolt of cold
             ... in an ice cave.
             The game lasted 00:25:51 (13089 turns).

Ijustatesigmund the Fighter (Gargoyle Fighter)     Turns: 13089, Time: 00:25:51

Health: -3/84      AC: 17    Str: 20    XL:     12   Next: 67%
Magic:  3/19       EV: 11    Int: 14    God:    the Shining One [****..]
Gold:   1246       SH: 19    Dex:  9    Spells: 17/17 levels left

rFire   . . .        a - +2 flail (heavy)
rCold   + . .        c - +1 buckler
rNeg    + + +        b - +0 acid dragon scales
rPois   ∞            p - +0 helmet
rElec   +            (no cloak)
rCorr   +            (no gloves)
SInv    .            (no boots)
Will    .....        (no amulet)
Stlth   +            x - ring of resist corrosion
HPRegen 0.34/turn    (no ring)
MPRegen 0.16/turn

%: no passive effects
@: divinely shielded, glowing
A: sickness immunity, AC +8, negative energy resistance 1, electricity
resistance, torment resistance 1, petrification resistance, large bone plates 1,
cold resistance 1, passive freeze, noise suppression
a: Renounce Religion, Divine Shield, Cleansing Flame


You were in an ice cave.
You worshipped the Shining One.
The Shining One was greatly pleased with you.
You visited 2 branches of the dungeon, and saw 13 of its levels.
You also visited: Ice Cave.

You collected 1246 gold pieces.

Inventory:

Hand Weapons
 a - a +2 heavy flail (weapon)
 j - a +0 flail of holy wrath
Armour
 b - +0 acid dragon scales (worn)
 c - a +1 buckler (worn)
 p - a +0 helmet (worn)
Jewellery
 f - a ring of magical power
 n - a ring of magical power
 x - a ring of resist corrosion (left hand)
 B - a ring of fire
Wands
 l - a wand of paralysis (5)
 v - a wand of mindburst (8)
 A - a wand of iceblast (6)
 C - a wand of light (1)
Scrolls
 k - a scroll of poison
 q - 2 scrolls of immolation
 y - a scroll of fog
 D - 2 scrolls of identify
 H - a scroll of enchant armour
Potions
 d - 2 potions of might
 e - 2 potions of flight
 g - 2 potions of lignification
 h - 5 potions of attraction
 i - a potion of magic
 o - 4 potions of curing
 r - a potion of mutation
 s - 2 potions of ambrosia
 u - a potion of haste
 w - 4 potions of cancellation
 z - a potion of brilliance
Miscellaneous
 E - a condenser vane
 F - a piece from Xom's chessboard (15/15)


   Skills:
 + Level 13.6 Fighting
 - Level 10.5 Maces & Flails
 - Level 6.1 Armour
 - Level 3.9 Dodging
 - Level 3.2 Shields
 - Level 3.2 Spellcasting
 - Level 10.2 Invocations
 - Level 4.6 Evocations


You had 17 spell levels left.
You didn't know any spells.
Your spell library contained the following spells:

 Spells                   Type           Power      Damage    Failure   Level
 Kiss of Death            Conj/Necr      8%         2d6       32%         1
 Poisonous Vapours        Pois/Air       4%         N/A       45%         2
 Confusing Touch          Hex            2%         N/A       69%         3
 Inner Flame              Hex/Fire       2%         N/A       69%         3
 Mephitic Cloud           Conj/Pois/Air  2%         N/A       69%         3
 Dispel Undead            Necr           2%         3d7       97%         4
 Freezing Cloud           Conj/Ice/Air   1%         6-21      100%        5
 Yara's Violent Unravell  Hex/Tmut       1%         3d3       100%        5
 Enfeeble                 Hex            1%         N/A       100%        7


Dungeon Overview and Level Annotations

Branches:
Dungeon (12/15)            Temple (1/1) D:4            Lair (0/5) D:9
    Orc (0/2) D:10          IceCv (1/1)

Altars:
Ashenzari
Cheibriados
Dithmenos
Elyvilon
Fedhas
Gozag
Hepliaklqana
Kikubaaqudgha
Makhleb
Nemelex Xobeh
Okawaru
Qazlal
Ru
Sif Muna
Trog
Uskayaw
Vehumet
Wu Jian
Xom
Yredelemnul
Zin
The Shining One

Shops:
D:5 *   D:7 [   D:12 (

Annotations:
D:4 2 transporters, ebbelito1337's ghost, amateur SpBr
D:9 1 runed translucent door, asdu's ghost, novice MeBe IceCv exclusion: ice statue


Innate Abilities, Weirdness & Mutations

You are immune to sickness and miasma.
Your stone body is resilient. (AC +8)
You are immune to poison.
You resist negative energy. (rN+)
You are resistant to electric shocks. (rElec)
You are resistant to unholy torment.
You are immune to petrification.
You are partially covered in large bone plates. (SH +4)
Your flesh is cold resistant. (rC+)
A frigid envelope surrounds you and freezes all who hurt you.
You passively dampen the noise of your surroundings.


Message History

The ice statue gestures.
The ice beast closely misses you.
Activating: Cleansing Flame (7% risk of failure)
Press: ? - help, Dir - look around, f - activate The golden flame engulfs you but does no damage.
You resist.
The golden flame engulfs the ice beast!!
You kill the ice beast!
The ice beast disappears in a puff of smoke!
The golden flame engulfs the ice statue!
The ice statue is almost destroyed.
You are engulfed in freezing vapours.
You resist.
* * * LOW HITPOINT WARNING * * *
The ice statue gestures at you. The bolt of cold hits you! You resist.
The Shining One protects you from harm!
The bolt of cold hits the ice beast.
The ice beast completely resists.
The ice statue gestures at you. The bolt of cold misses you.
Okay, then.
Okay, then.
Activating: Cleansing Flame (7% risk of failure)
Press: ? - help, Dir - look around, f - activate The golden flame engulfs you but does no damage.
You resist.
The golden flame engulfs the ice statue!
You destroy the ice statue!
The golden flame engulfs the ice beast!!
You kill the ice beast!
The ice beast disappears in a puff of smoke!
You are engulfed in freezing vapours.
You resist.
* * * LOW HITPOINT WARNING * * *
The ice statue gestures at you. The freezing blast misses you.
The ice statue gestures at you. You block the shard of ice.
You feel better. The ice statue gestures at you. The bolt of cold hits you!
You resist.
You die...

#.......#
#......(#
#......[#
#.[...[.#
####.####
#.......#
#.......#
#.......#
#....°°@#
#.....°°#
##☼..○☼##
##°.○##
##8## ○Z
☼.§ ...
#...


You could see an ice statue and an anaconda simulacrum.

Vanquished Creatures
  Erolcha (D:10)
  An ogre mage (D:12)
  A two-headed ogre (D:11)
  Lodul (D:10)
  Pikel (D:7)
  2 cyclopes
  2 manticores (D:12)
  10 centaur zombies (D:11)
  Maurice (D:10)
  2 ice statues (IceCv)
  An unseen horror (D:8)
  A freezing wraith (IceCv)
  A troll (D:12)
  A merfolk (D:9)
  A hornet (D:12)
  Grinder (D:5)
  A raiju (shapeshifter) (D:11)
  4 shadows (D:11)
  A slime creature (D:12)
  A vampire (D:10)
  3 wraiths
  9 yaks
  2 wyverns
  A steam dragon (D:6)
  A death yak simulacrum (IceCv)
  An acid dragon (D:8)
  12 orc warriors
  3 sky beasts
  2 black bears
  10 ogres
  12 centaurs
  A lemure (D:7)
  3 kobold brigands
  3 bullfrogs (D:8)
  2 cane toad simulacra (IceCv)
  4 wights (D:9)
  An elephant simulacrum (IceCv)
  19 killer bees
  3 howler monkeys
  2 jellies (D:2)
  2 quasits (D:7)
  A hound (D:7)
  6 orc priests
  A gnoll bouda (D:9)
  5 iguanas
  2 sleepcaps (D:7)
  A boggart zombie (D:11)
  6 orc wizards
  A wolf simulacrum (IceCv)
  A howler monkey zombie (D:11)
  4 gnolls (D:9)
  3 shadow imps
  3 white imps
  5 ufetubi
  A worm (D:2)
  4 dart slugs
  30 orcs
  5 ball pythons
  12 endoplasms
  5 giant cockroaches
  9 goblins
  3 hobgoblins
  6 jackals
  3 quokkas
  11 bats
  2 frilled lizards
  26 kobolds
  2 rats
289 creatures vanquished.

Vanquished Creatures (others)
  2 kobolds (D:10)
2 creatures vanquished.

Grand Total: 291 creatures vanquished

Notes
Turn   | Place    | Note
-------+----------+-------------------------------------------
     0 | D:1      | Ijustatesigmund the Gargoyle Fighter began the quest for
                  | the Orb.
     0 | D:1      | Reached XP level 1. HP: 14/14 MP: 1/1
   109 | D:1      | Reached XP level 2. HP: 17/19 MP: 2/2
   856 | D:2      | Reached XP level 3. HP: 24/24 MP: 3/3
   879 | D:2      | Reached skill level 4 in Fighting
  1053 | D:2      | Found a faded altar of an unknown god.
  1262 | D:2      | Reached XP level 4. HP: 9/30 MP: 4/4
  1351 | D:2      | Reached XP level 5. HP: 32/34 MP: 5/5
  1371 | D:2      | Reached skill level 5 in Fighting
  1542 | D:2      | You fall into a shaft and drop 1 floor!
  1645 | D:3      | Found a shimmering blue altar of Sif Muna.
  2040 | D:3      | Found a sparkling altar of Nemelex Xobeh.
  2427 | D:4      | Noticed a black bear
  2443 | D:3      | Killed a black bear
  2444 | D:3      | Reached XP level 6. HP: 15/41 MP: 6/6
  2780 | D:4      | Found a staircase to the Ecumenical Temple.
  2789 | Temple   | Entered the Ecumenical Temple
  2846 | Temple   | Became a worshipper of the Shining One
  2989 | D:4      | Found a transporter.
  3209 | D:4      | Noticed ebbelito1337's ghost (amateur SpBr)
  3210 | D:4      | Found a transporter.
  3445 | D:5      | Entered Level 5 of the Dungeon
  3465 | D:5      | Noticed Grinder
  3474 | D:5      | Paralysed by Grinder for 4 turns
  3482 | D:5      | Paralysed by Grinder for 3 turns
  3504 | D:5      | Paralysed by Grinder for 3 turns
  3509 | D:5      | Killed Grinder
  3510 | D:5      | Reached skill level 6 in Fighting
  3510 | D:5      | Reached skill level 5 in Maces & Flails
  3510 | D:5      | Reached XP level 7. HP: 37/46 MP: 6/8
  3735 | D:5      | Found a shadowy altar of Dithmenos.
  3738 | D:5      | Found a broken altar of Ashenzari.
  3738 | D:5      | Found a blossoming altar of Fedhas.
  3739 | D:5      | Found a shimmering altar of Xom.
  3892 | D:5      | Found Xisorph's General Store.
  3966 | D:5      | Noticed a wyvern
  3973 | D:5      | Killed a wyvern
  4261 | D:6      | Reached XP level 8. HP: 52/52 MP: 10/10
  4315 | D:6      | Reached skill level 7 in Fighting
  4315 | D:6      | Reached skill level 1 in Evocations
  4784 | D:6      | Identified the +3 dagger "Qoakke" {heavy, Will+ Str+2}
  5071 | D:7      | Found Maisk's Armour Emporium.
  5085 | D:7      | Noticed Pikel
  5110 | D:7      | Killed Pikel
  5111 | D:7      | Reached skill level 8 in Fighting
  5111 | D:7      | Reached skill level 5 in Invocations
  5111 | D:7      | Reached XP level 9. HP: 34/59 MP: 11/13
  5254 | D:7      | Reached * piety under the Shining One
  5906 | D:7      | Found a bloodstained altar of Trog.
  6466 | D:8      | Noticed an unseen horror
  6472 | D:8      | Killed an unseen horror
  6615 | D:8      | Reached skill level 9 in Fighting
  7036 | D:9      | Reached ** piety under the Shining One
  7041 | D:9      | Reached XP level 10. HP: 63/66 MP: 15/15
  7313 | D:9      | Found a staircase to the Lair.
  7711 | D:9      | Found a runed translucent door.
  7712 | D:9      | Found a shimmering altar of Xom.
  7712 | D:9      | Noticed asdu's ghost (novice MeBe)
  7712 | D:9      | Noticed a +2 war axe of chaos
  8314 | D:10     | Entered Level 10 of the Dungeon
  8334 | D:10     | Noticed Maurice
  8352 | D:10     | Killed Maurice
  8492 | D:10     | Noticed Lodul
  8497 | D:10     | Killed Lodul
  8498 | D:10     | Reached skill level 5 in Armour
  8513 | D:10     | Reached skill level 10 in Fighting
  8772 | D:10     | Found a stormy altar of Qazlal.
  8779 | D:10     | Found a basalt altar of Yredelemnul.
  9258 | D:9      | Reached XP level 11. HP: 54/73 MP: 17/17
  9777 | D:10     | Identified the +4 quarterstaff "Ehexergh" {spect, rElec
                  | Dex+3}
  9811 | D:10     | Found a staircase to the Orcish Mines.
  9879 | D:10     | Noticed Erolcha
  9898 | D:10     | Killed Erolcha
  9899 | D:10     | Reached skill level 1 in Dodging
 10355 | D:11     | Reached *** piety under the Shining One
 10402 | D:11     | Noticed a two-headed ogre
 10412 | D:11     | Killed a two-headed ogre
 10413 | D:11     | Reached skill level 11 in Fighting
 10597 | D:11     | Reached skill level 10 in Maces & Flails
 10772 | D:11     | Noticed a cyclops
 10787 | D:11     | Killed a cyclops
 10865 | D:11     | Noticed a frost giant
 11016 | D:11     | Reached skill level 10 in Invocations
 11106 | D:11     | Reached XP level 12. HP: 80/80 MP: 19/19
 11206 | D:11     | Reached **** piety under the Shining One
 11332 | D:11     | Reached skill level 1 in Spellcasting
 11815 | D:12     | Found Ostribapt's Weapon Shop.
 11820 | D:12     | Reached skill level 12 in Fighting
 12011 | D:12     | Noticed a two-headed ogre
 12226 | D:12     | Noticed a centaur warrior
 12226 | D:12     | a wolf spider changed into a shock serpent
 12226 | D:12     | Noticed a shock serpent (glowing shapeshifter)
 12227 | D:12     | Noticed a fire giant
 12229 | D:12     | a shock serpent changed into a deep troll
 12230 | D:12     | The Shining One protects you from harm!
 12234 | D:12     | a deep troll changed into a two-headed ogre
 12234 | D:12     | Noticed a two-headed ogre (glowing shapeshifter)
 12262 | D:12     | Noticed a storm dragon
 12262 | D:12     | Noticed a fire giant
 12262 | D:12     | Noticed an ogre mage
 12270 | D:12     | Killed an ogre mage
 12271 | D:12     | Noticed a death knight
 12310 | D:12     | HP: 1/82 [cyclops (17)]
 12312 | D:12     | Reached skill level 13 in Fighting
 12331 | D:12     | The Shining One protects you from harm!
 12332 | D:12     | HP: 4/84 [hornet (3)]
 12335 | D:12     | Noticed a sphinx
 12335 | D:12     | Paralysed by a sphinx for 5 turns
 12343 | D:12     | Found a frozen archway.
 12346 | IceCv    | Entered an ice cave
 12359 | IceCv    | Reached ***** piety under the Shining One
 12666 | IceCv    | Gained mutation: You passively dampen the noise of your
                  | surroundings. [potion of mutation]
 12666 | IceCv    | Gained mutation: A frigid envelope surrounds you and
                  | freezes all who hurt you. [potion of mutation]
 12666 | IceCv    | Gained mutation: Your flesh is cold resistant. (rC+)
                  | [potion of mutation]
 12666 | IceCv    | Gained mutation: You are partially covered in large bone
                  | plates. (SH +4) [potion of mutation]
 13086 | IceCv    | The Shining One protects you from harm!
 13087 | IceCv    | HP: 4/84 [something (7)]
 13089 | IceCv    | Killed from afar by an ice statue

Illustrated notes

Levels and vault maps discovered:
D:1:      shiori_shiawase, layout_rooms, serial_co_window_serial,
          co_window_of_opportunity_a, co_window_cross_1,
          co_window_of_opportunity_a, co_window_paths_a, co_window_paths_a,
          co_window_cross_4, co_window_paths_c, co_window_of_opportunity_c,
          co_window_corner_b, co_window_4corner_a, co_window_paths_e,
          glass_columns_b
D:2:      cheibrodos_fertilizer, layout_loops_ring,
          hellmonk_ecumenical_altar_pennies_from_heaven
D:3:      layout_basic, nemelex_xobeh_ov_fountains_minmay,
          mainiacjoe_overflow_boulevard, chequers_serial_rivers_micro_d
D:4:      layout_loops_ring, temple_statues, gammafunk_ghost_smash
D:5:      layout_basic, grunt_temple_overflow_open, serial_shops,
          nicolae_shop_stone, uniq_grinder
D:6:      layout_layer_cave
D:7:      layout_loops_ring, trog_book, serial_demonic, serial_demonic_d,
          serial_demonic_f, serial_demonic_e, serial_demonic_c, serial_shops,
          shop, nicolae_figureground_pulse, uniq_pikel
D:8:      layout_loops_cross, grunt_ministairs_10
D:9:      layout_irregular_city, dpeg_oklobed_lair, ebering_ghost_xom,
          hangedman_fish_farm
D:10:     layout_irregular_city, mainiacjoe_overflow_catwalk_spiral,
          orc_0_dummy, uniq_erolcha, uniq_lodul, uniq_maurice
D:11:     layout_loops_corners, serial_undead, serial_undead_f, serial_undead_e,
          serial_undead_c, serial_undead_b, serial_undead_e, serial_undead_b,
          serial_undead_b, serial_undead_b, special_room [special_room_orc],
          wad_dig_loot
D:12:     nicolae_fronds_of_death, layout_irregular_city,
          portal_ice_cave_entry_imps, serial_shops, shop, roderic_batcave
Temple:   nicolae_temple_god_jail
IceCv:    ice_cave_statue_garden_chambered

Skill      XL: |  1  2  3  4  5  6  7  8  9 10 11 12 |
---------------+-------------------------------------+-----
Fighting       | 4 5 6 8 9 10 11 13 | 13.6
Maces & Flails | 3 4 5 6 7 9 10 | 10.5
Invocations    | 2 3 5 6 8 10 | 10.2
Evocations     | 3 4 |  4.6
Armour         | 6 |  6.1
Dodging        | 3 |  3.9
Spellcasting   | 3 |  3.2
Shields        | |  3.2

Action                     |  1- 3 |  4- 6 |  7- 9 | 10-12 || total
---------------------------+-------+-------+-------+-------++-------
  Melee: Flail             |   124 |   123 |   241 |   431 ||   919
  Throw: Throwing net      |       |     1 |       |     1 ||     2
 Invoke: Cleansing Flame   |       |       |       |     7 ||     7
         Divine Shield     |       |       |       |     2 ||     2
  Evoke: Wand              |       |       |     4 |    18 ||    22
    Use: Scroll            |       |    16 |     1 |    16 ||    33
         Potion            |       |     1 |       |     8 ||     9
 Armour: Scale mail        |    67 |    60 |   168 |       ||   295
         Acid dragon scale |       |       |     1 |   369 ||   370
  Dodge: Dodged            |    52 |    77 |   150 |   386 ||   665
  Block: Buckler           |    25 |    36 |    75 |   186 ||   322
